 Dungeon Crawl Stone Soup version 0.17-a0-877-ga10078a (webtiles) character file.

38787 Hanyuu the Black Belt (level 14, -2/90 HPs)
             Began as an Octopode Transmuter on May 1, 2015.
             Was the Champion of Makhleb.
             Slain by an orc knight
             ... wielding a +0 halberd
              (33 damage)
             ... on level 2 of the Orcish Mines.
             The game lasted 02:37:27 (21871 turns).

Hanyuu the Black Belt (Octopode Transmuter)        Turns: 21871, Time: 02:37:27

Health: -2/90      AC:  6    Str: 15    XL:     14   Next: 3%
Magic:  16/24      EV: 20    Int: 19    God:    Makhleb [******]
Gold:   920        SH:  0    Dex: 16    Spells: 9 memorised, 3 levels left

rFire  + + .     SeeInvis .       - Unarmed
rCold  . . .     Clarity  .     (no shield)
rNeg   + . .     SustAb   +     (helmet restricted)
rPois  +         Gourm    .     E - amulet of regeneration
rElec  +         Spirit   .     y - +2 ring of dexterity
rCorr  .         Warding  .     A - +5 ring of protection
rMut   .         Stasis   .     Q - ring of sustain abilities
MR     +....                    i - ring of protection from fire
Stlth  +++.......               w - ring of stealth
                                f - ring of positive energy
                                L - ring "Pejiqoyg" {+Fly rElec rPois rF+ Stlth-}
                                X - +6 ring of strength

@: about to teleport, somewhat resistant to hostile enchantments, fairly
stealthy
A: almost no armour, amphibious, 8 rings, constrict 8, camouflage 1, gelatinous
body 1
a: Minor Destruction, Lesser Servant of Makhleb, Major Destruction, Greater
Servant of Makhleb, Renounce Religion, Evoke Flight


You were on level 2 of the Orcish Mines.
You worshipped Makhleb.
Makhleb was exalted by your worship.
You were hungry.

You visited 5 branches of the dungeon, and saw 21 of its levels.

You collected 1456 gold pieces.
You spent 536 gold pieces at shops.

Inventory:

Hand weapons
 a - a +4 blowgun
Missiles
 b - a throwing net
 x - 11 curare-tipped needles
 F - 136 arrows
 G - 8 poisoned tomahawks
 N - 6 tomahawks (quivered)
 S - 19 poisoned needles
Jewellery
 f - a ring of positive energy (on tentacle)
 h - an uncursed amulet of warding
 i - a ring of protection from fire (on tentacle)
 l - an uncursed ring of flight
 w - a ring of stealth (on tentacle)
 y - a +2 ring of dexterity (left tentacle)
 A - a +5 ring of protection (right tentacle)
 E - an amulet of regeneration (around mantle)
 L - the ring "Pejiqoyg" (on tentacle) {+Fly rElec rPois rF+ Stlth-}
   (You bought it in a shop on level 9 of the Dungeon)

   [ring of flight]

   It protects you from fire.
   It insulates you from electricity.
   It protects you from poison.
   It lets you fly.
   It makes you less stealthy.
 Q - a ring of sustain abilities (on tentacle)
 X - a +6 ring of strength (on tentacle)
Magical devices
 d - a wand of fireball (8)
 s - a wand of draining (5)
 B - a wand of digging (11)
 H - a wand of polymorph (7)
 J - a wand of confusion (30)
 P - a wand of enslavement (5)
 R - a wand of teleportation (5)
 W - a wand of fire (8)
Scrolls
 e - 6 scrolls of immolation
 g - 7 scrolls of remove curse
 u - a scroll of fear
 z - 3 scrolls of recharging
 C - a scroll of fog
 M - 3 scrolls of teleportation
 V - 5 scrolls of amnesia
 Y - a scroll of silence
Potions
 j - 2 potions of berserk rage
 k - 4 potions of brilliance
 n - 3 potions of lignification
 p - a potion of agility {unknown}
 t - 5 potions of flight
 v - 2 potions of mutation
 D - 2 potions of might
 T - 3 potions of magic
 U - 2 potions of haste
Books
 m - a book of Frost

   Spells                             Type                      Level
   a - Freeze                         Ice                          1
   b - Throw Frost                    Conjuration/Ice              2
   c - Ozocubu's Armour               Charms/Ice                   3
   d - Throw Icicle                   Conjuration/Ice              4
   e - Summon Ice Beast               Ice/Summoning                4
   f - Condensation Shield            Ice                          4
 o - Muwneac's Almanac of Conjuration and Snow
   (You found it on level 1 of the Swamp)

   Spells                             Type                      Level
   a - Throw Frost                    Conjuration/Ice              2
   b - Bolt of Cold                   Conjuration/Ice              6
 I - a book of Flames

   Spells                             Type                      Level
   a - Flame Tongue                   Conjuration/Fire             1
   b - Throw Flame                    Conjuration/Fire             2
   c - Conjure Flame                  Conjuration/Fire             3
   d - Inner Flame                    Hexes/Fire                   3
   e - Sticky Flame                   Conjuration/Fire             4
   f - Fireball                       Conjuration/Fire             5
Comestibles
 c - 11 bread rations
 r - 6 meat rations
 Z - 5 royal jellies


   Skills:
 + Level 6.7 Fighting
 - Level 2.0 Throwing
 + Level 11.6 Dodging
 - Level 16.0 Unarmed Combat
 - Level 7.0 Spellcasting
 + Level 7.0 Transmutations
 - Level 4.1 Ice Magic


You had 3 spell levels left.
You knew the following spells:

 Your Spells              Type           Power        Failure   Level  Hunger
a - Beastly Appendage     Trmt           ####..       1%          1    None
b - Sticks to Snakes      Trmt           ####......   1%          2    None
c - Spider Form           Trmt/Pois      ###.......   10%         3    #......
d - Ozocubu's Armour      Chrm/Ice       ##......     14%         3    #......
e - Ice Form              Ice/Trmt       ####....     12%         4    ###....
f - Corona                Hex            #......      12%         1    None
g - Blade Hands           Trmt           ####......   17%         5    #####..
h - Throw Frost           Conj/Ice       ##....       10%         2    None
i - Conjure Flame         Conj/Fire      #.......     34%         3    #......


Dungeon Overview and Level Annotations

Branches:
Dungeon (12/15)            Temple (1/1) D:4            Lair (5/8) D:10
  Swamp (1/4) Lair:4        Snake (0/4) Lair:3          Orc (2/4) D:9

Altars:
Ashenzari
Cheibriados
Dithmenos
Fedhas
Gozag
Kikubaaqudgha
Makhleb
Nemelex Xobeh
Okawaru
Qazlal
Ru
Sif Muna
Trog
Vehumet
Yredelemnul
Zin
The Shining One

Shops:
D:4 %   D:6 =   D:9 =   Orc:1 [%

Annotations:
D:6 Grinder
D:8 Erolcha
D:10 1 exclusion
Lair:4 Kirke
Swamp:1 1 exclusion


Innate Abilities, Weirdness & Mutations

You cannot wear most types of armour.
You are amphibious.
You can wear up to eight rings at the same time.
You can use your tentacles to constrict eight enemies at once.
Your skin changes colour to match your surroundings (Stealth).
Your rubbery body absorbs attacks (AC +1).


Message History

An orc knight comes into view. It is wielding a halberd.
Your icy armour starts to melt.
The orc knight shouts!
The orc warlord roars a battlecry!
The orc warrior goes into a battle-frenzy!
The orc knight roars a battlecry!
An orc comes into view. It is wielding a falchion.
The orc warlord roars a battlecry!
The orc knight goes into a battle-frenzy!
The orc knight barely misses you.
A warg and an orc warrior come into view.
The orc warlord roars a battlecry!
The orcs go into a battle-frenzy!
The orc warlord roars a battlecry!
Your icy armour evaporates.
Read which item? (? for menu, Esc to quit)
As you read the scroll of teleportation, it crumbles to dust.
You feel strangely unstable.
The orc knight hits you from afar with a halberd!!
You die...

.. . ### ### #.. ####.###.##
... ##.#...#...## ..
##.........#.## ##.
##.............# .## #..
#.....).)...#.## ....###..
##.........@)## #........
#............########......
##.#......o...#...##.......
##.........o........##.##...
#..................## ####.#
#...#.......o..).######..)##
#....#.....o......#.##.....#
#.............hho....##.....
##..........o...o.h..###....#


You could see an orc warlord, an orc knight (frenzied), 2 wargs and 3 orc
warriors.

Vanquished Creatures
  Josephine (Lair:4)
  4 hydras
  Erica (D:8)
  2 alligators (Swamp:1)
  2 death yaks
  Sonja (D:12)
  Nergalle (Lair:3)
  2 hill giants
  Pikel (D:7)
  A shambling mangrove (Swamp:1)
  An orc knight (Orc:1)
  An oklob plant (Lair:4)
  An ugly thing (D:11)
  The ghost of WhatIsLove the Covert, an experienced OpCj (D:5)
  A griffon (Lair:4)
  Maurice (D:10)
  A black mamba (Lair:4)
  A torpor snail (Lair:3)
  A queen ant (Lair:1)
  7 spiny frogs
  8 komodo dragons
  A fire drake (Lair:5)
  4 trolls
  3 polar bears (D:10)
  2 fire vortices (D:10)
  3 ravens (Swamp:1)
  2 centaur simulacra (D:10)
  A shadow (Swamp:1)
  A trapdoor spider (D:9)
  5 hogs (Lair:5)
  2 wyverns
  2 basilisks
  3 hippogriffs
  4 fire bats (D:10)
  12 yaks
  5 wraiths
  2 hungry ghosts (D:9)
  A steam dragon (Lair:3)
  3 vampire mosquitoes (Swamp:1)
  3 swamp worms (Swamp:1)
  8 soldier ants (Lair:1)
  13 porcupines
  2 wolves (D:10)
  A hell hound (D:10)
  6 ice beasts
  2 phantoms
  An eye of draining (D:12)
  A swamp drake (Swamp:1)
  3 black bears
  11 orc warriors
  2 sky beasts (D:12)
  6 water moccasins
  9 ogres
  12 crocodiles
  A boring beetle (Lair:5)
  9 centaurs
  A big kobold (D:12)
  14 giant frogs
  4 scorpions
  9 killer bees
  10 wights (D:12)
  2 electric eels (D:10)
  A spriggan skeleton (D:9)
  2 giant frog zombies (D:12)
  13 hounds
  5 crimson imps
  2 lava snakes (D:10)
  2 centaur skeletons
  10 orc priests
  2 giant frog skeletons
  A jelly (D:10)
  14 orc wizards
  A quasit (D:10)
  24 worker ants
  8 iguanas
  5 sheep (Lair:4)
  A giant frog simulacrum (D:10)
  A hound skeleton (D:9)
  A hound zombie (D:5)
  9 adders
  4 gnolls
  36 river rats
  3 shadow imps
  2 white imps (D:10)
  A worker ant simulacrum (D:10)
  2 ufetubi (D:10)
  2 oozes
  A worm (D:3)
  An adder simulacrum (D:10)
  3 giant geckos
  74 orcs
  16 bats
  A bat skeleton (D:4)
  4 giant cockroaches
  23 hobgoblins
  9 jackals
  2 quokkas
  4 ball pythons
  3 giant newts
  A giant spore (D:9)
  21 goblins
  16 kobolds
  A quokka zombie (D:5)
  16 rats
  A ballistomycete (D:9)
  A butterfly (Lair:4)
  A fungus (Lair:2)
577 creatures vanquished.

Vanquished Creatures (collateral kills)
  An ugly thing (D:12)
  A giant frog (D:8)
2 creatures vanquished.

Vanquished Creatures (others)
  A fire vortex (D:10)
  Menkaure (D:7)
  A swamp worm (Swamp:1)
  An orc (D:7)
  A bat (D:7)
  A fungus (Lair:4)
6 creatures vanquished.

Grand Total: 585 creatures vanquished

Notes
Turn   | Place    | Note
--------------------------------------------------------------
     0 | D:1      | Hanyuu, the Octopode Transmuter, began the quest for the Orb.
     0 | D:1      | Reached XP level 1. HP: 13/13 MP: 3/3
     4 | D:1      | Reached XP level 2. HP: 18/18 MP: 5/5
   478 | D:1      | Reached skill level 4 in Unarmed Combat
   512 | D:1      | Reached XP level 3. HP: 21/23 MP: 6/6
  1244 | D:2      | Found a shadowy altar of Dithmenos.
  1275 | D:2      | Reached XP level 4. HP: 19/28 MP: 7/7
  1294 | D:2      | Learned a level 2 spell: Sticks to Snakes
  1298 | D:2      | Learned a level 3 spell: Spider Form
  1532 | D:2      | You fall through a shaft!
  1675 | D:3      | Found a glowing silver altar of Zin.
  1778 | D:2      | Reached skill level 5 in Unarmed Combat
  1948 | D:3      | Found a shattered altar of Ashenzari.
  2260 | D:4      | Reached XP level 5. HP: 25/33 MP: 8/8
  2622 | D:4      | Noticed a giant frog
  2637 | D:3      | Killed a giant frog
  2856 | D:4      | Reached XP level 6. HP: 38/38 MP: 3/9
  2950 | D:4      | Found a staircase to the Ecumenical Temple.
  3464 | D:5      | Entered Level 5 of the Dungeon
  3522 | D:5      | Reached XP level 7. HP: 43/43 MP: 10/10
  3633 | D:5      | Noticed WhatIsLove's ghost (experienced OpCj)
  3870 | D:5      | Killed WhatIsLove's ghost
  3870 | D:5      | Reached skill level 7 in Unarmed Combat
  4204 | D:5      | Reached XP level 8. HP: 48/48 MP: 11/11
  4352 | D:5      | Reached skill level 8 in Unarmed Combat
  4491 | Temple   | Entered the Ecumenical Temple
  4551 | Temple   | Became a worshipper of Makhleb the Destroyer
  4621 | D:4      | Noticed an ogre
  4638 | D:4      | Killed an ogre
  4672 | D:4      | Found Vumunol's Food Shop.
  4710 | D:4      | Learned a level 3 spell: Ozocubu's Armour
  5011 | D:4      | Reached skill level 9 in Unarmed Combat
  5287 | D:5      | Found a basalt altar of Yredelemnul.
  5665 | D:6      | Acquired Makhleb's first power
  5958 | D:6      | Noticed Grinder
  6068 | D:6      | Found Peyhisi's Jewellery Boutique.
  6084 | D:6      | Reached XP level 9. HP: 53/53 MP: 7/14
  6364 | D:7      | Reached skill level 1 in Ice Magic
  6563 | D:7      | Found a bloodstained altar of Trog.
  6583 | D:7      | Learned a level 4 spell: Ice Form
  6584 | D:7      | Found a radiant altar of Vehumet.
  6641 | D:7      | Acquired Makhleb's second power
  6641 | D:7      | Reached skill level 10 in Unarmed Combat
  6829 | D:7      | Reached skill level 5 in Transmutations
  7217 | D:8      | Found a snail-covered altar of Cheibriados.
  7329 | D:7      | Noticed Menkaure
  7347 | D:7      | Noticed Pikel
  7353 | D:7      | Menkaure (ally) was killed
  7353 | D:7      | Your ally died
  7354 | D:7      | Killed Pikel
  7814 | D:8      | Noticed Erica
  7828 | D:9      | Acquired Makhleb's third power
  7873 | D:9      | Reached XP level 10. HP: 63/63 MP: 16/16
  8052 | D:9      | Learned a level 1 spell: Corona
  8060 | D:8      | Killed Erica
  8060 | D:8      | Reached skill level 5 in Dodging
  8060 | D:8      | Reached skill level 11 in Unarmed Combat
  8272 | D:8      | Noticed Erolcha
  8819 | D:9      | Found a sacrificial altar of Ru.
  8874 | D:9      | Found an opulent altar of Gozag.
  8908 | D:9      | Got a pitted dagger
  8909 | D:9      | Identified the +6 dagger "Lian" {pierce, rPois MR- Str-3 Dex+2} (You found it on level 9 of the Dungeon)
  8957 | D:9      | Found a staircase to the Orcish Mines.
  9099 | D:9      | Found a runed door.
  9116 | D:9      | Reached skill level 5 in Fighting
  9336 | D:9      | Found Fauq's Jewellery Shoppe.
  9336 | D:9      | Found a sparkling altar of Nemelex Xobeh.
  9445 | D:10     | Entered Level 10 of the Dungeon
  9492 | D:10     | Acquired Makhleb's fourth power
  9494 | D:10     | Noticed Maurice
  9536 | D:10     | Killed Maurice
  9599 | D:10     | Noticed a death yak
 10271 | D:10     | Reached XP level 11. HP: 65/72 MP: 17/17
 10516 | D:10     | Killed a death yak
 10516 | D:10     | Reached skill level 12 in Unarmed Combat
 10869 | D:10     | Found a staircase to the Lair.
 10940 | D:10     | Acquired Makhleb's fifth power
 11102 | D:10     | Noticed a hill giant
 11118 | D:10     | Killed a hill giant
 11465 | D:11     | Noticed a hill giant
 11492 | D:11     | Killed a hill giant
 12120 | D:11     | Reached skill level 13 in Unarmed Combat
 13279 | D:12     | Reached XP level 12. HP: 79/79 MP: 18/18
 13381 | D:12     | Noticed Sonja
 13414 | D:12     | Killed Sonja
 13949 | D:9      | Bought the ring "Pejiqoyg" {+Fly rElec rPois rF+ Stlth-} for 536 gold pieces
 14008 | D:10     | Learned a level 5 spell: Blade Hands
 14053 | Lair:1   | Entered Level 1 of the Lair of Beasts
 14338 | Lair:1   | Noticed a six-headed hydra
 14370 | Lair:1   | Reached skill level 5 in Spellcasting
 15069 | Lair:1   | Reached skill level 14 in Unarmed Combat
 15084 | Lair:1   | Killed a six-headed hydra
 15672 | Lair:2   | Learned a level 2 spell: Throw Frost
 16377 | Lair:3   | Noticed a four-headed hydra
 16386 | Lair:3   | Killed a four-headed hydra
 16642 | Lair:3   | Noticed a death yak
 16655 | Lair:3   | Reached XP level 13. HP: 83/83 MP: 17/23
 16673 | Lair:3   | Killed a death yak
 16875 | Lair:3   | Found a staircase to the Snake Pit.
 16883 | Lair:3   | Noticed Nergalle
 16893 | Lair:3   | Killed Nergalle
 16893 | Lair:3   | Reached skill level 15 in Unarmed Combat
 16895 | Lair:3   | Reached skill level 10 in Dodging
 18019 | Lair:4   | Found a staircase to the Swamp.
 18270 | Lair:4   | Noticed Josephine
 18280 | Lair:4   | Killed Josephine
 18915 | Swamp:1  | Entered Level 1 of the Swamp
 19254 | Swamp:1  | Identified Muwneac's Almanac of Conjuration and Snow
 19259 | Swamp:1  | Learned a level 3 spell: Conjure Flame
 20211 | Lair:5   | Noticed Kirke
 20837 | Orc:1    | Entered Level 1 of the Orcish Mines
 20947 | Orc:1    | Found Ponwuve's Food Shoppe.
 20958 | Orc:1    | Reached skill level 16 in Unarmed Combat
 21155 | Orc:1    | Reached XP level 14. HP: 86/90 MP: 24/24
 21251 | Orc:1    | Found Mintaat's Antique Armour Emporium.
 21827 | Orc:2    | Noticed an orc warlord
 21871 | Orc:2    | Slain by an orc knight

Action                   |  1- 3 |  4- 6 |  7- 9 | 10-12 | 13-15 || total
-------------------------+-------+-------+-------+-------+-------++-------
Melee: Unarmed           |    67 |    99 |   253 |   828 |   424 ||  1671
 Fire: Blowgun           |       |     8 |    44 |    59 |    86 ||   197
       Hunting sling     |       |     6 |       |       |       ||     6
Throw: Tomahawk          |       |       |     8 |     9 |     2 ||    19
 Cast: Beastly Appendage |     1 |     2 |     4 |     9 |     5 ||    21
       Spider Form       |       |     2 |    12 |    38 |     8 ||    60
       Ozocubu's Armour  |       |       |     1 |     6 |     4 ||    11
       Ice Form          |       |       |     1 |     4 |       ||     5
       Sticks to Snakes  |       |       |       |    35 |     4 ||    39
       Corona            |       |       |       |     2 |     3 ||     5
       Throw Frost       |       |       |       |     3 |       ||     3
       Blade Hands       |       |       |       |       |     9 ||     9
 Abil: End Transformatio |       |       |       |     3 |     1 ||     4
Evoke: Wand              |       |       |     2 |       |       ||     2
  Use: Scroll            |     3 |       |    15 |    10 |    12 ||    40
       Potion            |       |       |     3 |     3 |     2 ||     8
 Stab: Sleeping          |     3 |     6 |    13 |    21 |    15 ||    58
       Distracted        |       |       |     3 |     4 |     3 ||    10
       Invisible         |       |       |       |     1 |       ||     1
  Eat: Chunk             |     1 |     7 |    15 |    25 |    12 ||    60
       Royal jelly       |       |       |     1 |       |       ||     1
       Pizza             |       |       |       |     5 |     1 ||     6
       Fruit             |       |       |       |     5 |       ||     5
       Beef jerky        |       |       |       |     1 |       ||     1
       Meat ration       |       |       |       |       |     2 ||     2
